 Dungeon Crawl Stone Soup version 0.31-a0-486-g8d68a81214 (webtiles) character file.

Game seed: 13795118042533830973

24 AstroCodex24 the Shield-Bearer (level 2, -1/23 HPs)
             Began as a Vampire Fighter on Aug 7, 2023.
             Slain by a gnoll sergeant
             ... wielding a +0 spear
              (5 damage)
             ... on level 6 of the Dungeon.
             The game lasted 00:01:25 (314 turns).

AstroCodex24 the Shield-Bearer (Vampire Fighter)     Turns: 314, Time: 00:01:25

Health: -1/23      AC:  6    Str: 15    XL:     2   Next: 79%
Magic:  2/2        EV:  8    Int: 10    God:
Gold:   13         SH:  4    Dex: 13    Spells: 1/1 levels left

rFire   . . .        a - +0 war axe
rCold   . . .        c - +0 buckler
rNeg    . . .        b - +0 scale mail
rPois   .            (no helmet)
rElec   .            (no cloak)
rCorr   .            (no gloves)
SInv    +            (no boots)
Will    .....        (no amulet) Stlth
                     (no ring)
HPRegen 0.43/turn    (no ring)
MPRegen 0.08/turn

%: no passive effects
@: healing quickly
A: alive, fangs 3, see invisible, vampiric 1
a: Exsanguinate


You were on level 6 of the Dungeon.
You visited 1 branch of the dungeon, and saw 6 of its levels.

You collected 13 gold pieces.

Inventory:

Hand Weapons
 a - a +0 war axe (weapon)
Armour
 b - a +0 scale mail (worn)
 c - a +0 buckler (worn)
 f - a +0 helmet
 l - a +0 pair of boots
Scrolls
 e - a scroll of identify {unknown}
 g - a scroll of blinking {unknown}
Potions
 d - 2 potions of might
 h - a potion of degeneration {unknown}
 i - a potion of heal wounds {unknown}
 j - a potion of curing {unknown}
 k - a potion of enlightenment {unknown}


   Skills:
 + Level 2.9 Fighting
 + Level 1.9 Axes
 + Level 2.9 Armour
 + Level 2.9 Shields


You had one spell level left.
You didn't know any spells.
Your spell library was empty.

Dungeon Overview and Level Annotations

Branches:
Dungeon (6/15)
 Temple: D:4-7

Altars:

Shops:
D:3 :


Innate Abilities, Weirdness & Mutations

Your natural rate of healing is accelerated.
You have razor-sharp teeth.
You have supernaturally acute eyesight. (SInv)
You are afflicted with vampirism.


Message History

You see here a +0 pair of boots.
l - a +0 pair of boots You open the door.
There is a stone staircase leading down here.
You climb downwards.
The hobgoblin shouts!
Found 7 gold pieces and a green potion.
Found a stone staircase leading down.
There is a stone staircase leading up here.
There is a stone staircase leading down here.
You climb downwards.
Found a quarterstaff.
Found a stone staircase leading down.
There is a stone staircase leading up here.
There is a stone staircase leading down here.
You climb downwards.
Found a short sword.
There is a stone staircase leading up here. 2 gnolls come into view.
The gnoll shouts!
You hear a shout!
A gnoll sergeant comes into view. It is wielding a +0 spear.
The gnoll sergeant shouts!
A gnoll comes into view. It is wielding a +0 spear.
The gnoll shouts!
You closely miss the gnoll. You barely miss the gnoll.
You block the gnoll's attack. The gnoll hits you with a +0 club.
You slash the gnoll!
The gnoll is heavily wounded.
You barely miss the gnoll. The gnoll hits you but does no damage.
A gnoll comes into view. It is wielding a +0 flail.
The gnoll closely misses you.
The gnoll sergeant hits you from afar with a +0 spear.
The gnoll shouts!
You hit the gnoll.
You kill the gnoll!
You closely miss the gnoll. The gnoll hits you with a +0 spear.
The gnoll sergeant hits you from afar with a +0 spear.
You block the gnoll sergeant's attack. The gnoll hits you with a +0 spear.
The gnoll hits you but does no damage. The gnoll hits you with a +0 spear.
* * * LOW HITPOINT WARNING * * *
The gnoll sergeant hits you with a +0 spear.
You die...

#8...# ...
+...# ... ...#
#.# #.#####
#.# #....).
#g# #......
#g# #..####
#g# #.## #
#@## ##.# #
#.g########..#
#
#............#
#
#............#
#
##############
#


You could see a gnoll sergeant and 3 gnolls.

Vanquished Creatures
  A gnoll (D:6)
  A dart slug (D:3)
  An orc (D:3)
  2 endoplasms (D:3)
  4 goblins
  A quokka (D:2)
10 creatures vanquished.

Notes
Turn   | Place    | Note
-------+----------+-------------------------------------------
     0 | D:1      | AstroCodex24 the Vampire Fighter began the quest for the
                  | Orb.
     0 | D:1      | Reached XP level 1. HP: 17/17 MP: 1/1
   192 | D:3      | Found Zanukhosm's Book Emporium.
   198 | D:3      | Reached XP level 2. HP: 23/23 MP: 2/2
   275 | D:5      | Entered Level 5 of the Dungeon
   308 | D:6      | Noticed a gnoll sergeant
   314 | D:6      | Slain by a gnoll sergeant

Illustrated notes

Levels and vault maps discovered:
D:1:      scummos_arrival_star, layout_basic
D:2:      kb_forest_paths, layout_loops_corners, basic_altar
D:3:      layout_basic, kennysheep_ying_yang, mainiacjoe_overflow_alcove_1,
          serial_shops, nicolae_shop_just_a_little_nook, portal_sewer_entry_e,
          shapermc_ecumenical_altar_ellora
D:4:      layout_cave_pods, old_standard_altar, minmay_vboxes
D:5:      cheibrodos_helix_gallery, layout_rooms,
          nicolae_overflow_hidden_temple, serial_shops, shop,
          minmay_misc_feat_rows, minmay_misc_feat_iff, skrybe_limestone_x,
          fountainhead, hangedman_abyss_or_decor_slice
D:6:      minmay_cornered_nines, layout_basic, mainiacjoe_overflow_alcove_4,
          lemuel_crystal_altar, nicolae_hepliaklqana_hazy_memory,
          jmf_multi_god_temple2, serial_shops, shop_fountains, uniq_duvessa

Action                     || total
---------------------------++-------
  Melee: War axe           ||    19
         Bite              ||     1
 Armour: Scale mail        ||    11
  Dodge: Dodged            ||     4
  Block: Buckler           ||     4

Table legend: (Time is in decaauts)
 A = Elapsed time spent in this place.
 B = Non-inter-level travel time spent in this place.
 C = Inter-level travel time spent in this place.
 D = Time resting spent in this place.
 E = Time spent auto-exploring this place.
 F = Levels seen in this place.
 G = Mean time per level.
                   A        B        C        D        E       F      G
               +--------+--------+--------+--------+--------+-----+--------+
         Total |    321 |    317 |      4 |      0 |      0 |   6 |   53.5 |
       Dungeon |    321 |    317 |      4 |      0 |      0 |   6 |   53.5 |
               +--------+--------+--------+--------+--------+-----+--------+

Top non-repeatable levels by time:
     D:3: 124 daAuts
     D:2: 101 daAuts
     D:1: 50 daAuts
     D:6: 33 daAuts
     D:5: 6 daAuts
     D:4: 4 daAuts
